[Event "Titled Tuesday Blitz January 03 Late 2023"]
[White "Chigaev, Maksim"]
[Black "Bjelobrk, Igor"]
[WhiteFideId "4108116"]
[BlackFideId "4300726"]
[WhiteElo "2628"]
[BlackElo "2403"]
[Result "1-0"]
[Round "06"]
[TimeControl "180+2"]
[Date "2023.01.03"]
[WhiteClock "0:00:08"]
[BlackClock "0:00:02"]

1. e4 e5 2. Nf3 Nc6 3. Bc4 Bc5 4. c3 Nf6 5. d3 d6 6. Bg5 h6 7. Bh4 a6 8. Nbd2 Ba7 9. a3 Qe7 10. Qe2 Bd7 11. h3 g5 12. Bg3 Nh7 13. O-O-O O-O-O 14. Kb1 f5 15. exf5 Bxf5 16. Bd5 Qd7 17. Ne4 Ne7 18. Ba2 Ng6 19. Ka1 Rhe8 20. c4 Kb8 21. Qc2 Qg7 22. Nfd2 Nhf8 23. c5 d5 24. Nc3 c6 25. Na4 Ne6 26. Nb3 Ngf4 27. f3 Qg6 28. Bb1 h5 29. Rhe1 Qg7 30. Qc3 Nc7 31. Qd2 h4 32. Bh2 Nb5 33. d4 Bxb1 34. Kxb1 exd4 35. Rxe8 Rxe8 36. Nxd4 Nxd4 37. Qxd4 Qxd4 38. Rxd4 Re2 39. Bxf4+ gxf4 40. Rxf4 Rxg2 41. Rxh4 Rg3 42. f4 Rf3 43. Rh8+ Kc7 44. Rh7+ Kb8 45. Nb6 Bxb6 46. cxb6 Kc8 47. Rc7+ Kb8 48. Rf7 Kc8 49. h4 Rh3 50. Rc7+ Kd8 51. Rxb7 Rxh4 52. f5 Rf4 53. Rf7 Kc8 54. f6 Kb8 55. b4 Rf3 56. Kc2 Ka8 57. a4 Kb8 58. a5 Ka8 59. Kd2 Kb8 60. Ke2 Rf4 61. Ke3 Re4+ 62. Kf3 Rxb4 63. Re7 Rb1 64. f7 Rf1+ 65. Ke2 Rf6 66. Re8+ 1-0


[Site "https://www.chess.com"]

[Event "Titled Tuesday Blitz January 03 Late 2023"]
[White "Kanakaris, Georgios"]
[Black "Oparin, Grigoriy"]
[WhiteFideId "4209460"]
[BlackFideId "24125890"]
[WhiteElo "2391"]
[BlackElo "2667"]
[Result "0-1"]
[Round "06"]
[TimeControl "180+2"]
[Date "2023.01.03"]
[WhiteClock "0:00:03"]
[BlackClock "0:00:10"]

1. d4 d6 2. Nf3 g6 3. g3 Bg7 4. Bg2 Nf6 5. O-O O-O 6. b3 Nc6 7. Bb2 Bf5 8. c4 Qd7 9. Nc3 Ne4 10. Nh4 Nxc3 11. Bxc3 Bh3 12. Qd2 Bxg2 13. Nxg2 d5 14. cxd5 Qxd5 15. Ne3 Qd7 16. d5 Ne5 17. Qb2 Qd6 18. Rac1 Rfd8 19. Nc4 Nxc4 20. bxc4 Bxc3 21. Rxc3 b6 22. e4 c6 23. Rd1 Rac8 24. Qa3 Qe5 25. Re3 Rc7 26. f4 Qh5 27. Qd3 cxd5 28. cxd5 Rdc8 29. Qe2 Qh3 30. Qg2 Qd7 31. e5 Rc2 32. Re2 Qa4 33. Red2 Rxa2 34. d6 exd6 35. exd6 Qxd1+ 36. Rxd1 Rxg2+ 37. Kxg2 Kg7 38. Ra1 a5 39. Rb1 Rb8 40. d7 Rd8 41. Rxb6 Rxd7 42. Ra6 Rd2+ 43. Kh3 Ra2 44. g4 Ra3+ 45. Kg2 h5 46. gxh5 gxh5 47. h4 a4 48. Kh2 Ra1 49. Kg2 a3 50. f5 a2 51. Kh2 Kf8 52. f6 Ke8 53. Kg2 Kd7 54. Kh2 Kc7 55. Kg2 Kb7 56. Ra3 Kc6 57. Ra7 Kd5 58. Ra6 Ke5 59. Kh2 Kf4 60. Kg2 Kg4 61. Ra4+ Kf5 62. Ra6 Kg6 63. Kh2 Kf5 64. Kg2 Ke4 65. Ra5 Kd3 66. Ra7 Kd4 67. Ra5 Ke4 0-1


[Site "https://www.chess.com"]

[Event "Titled Tuesday Blitz January 03 Late 2023"]
[White "Zhao, Erick"]
[Black "Bortnyk, Mykola"]
[WhiteFideId "30946930"]
[BlackFideId "14120836"]
[WhiteElo "2275"]
[BlackElo "2425"]
[Result "0-1"]
[Round "06"]
[TimeControl "180+2"]
[Date "2023.01.03"]
[WhiteClock "0:00:18"]
[BlackClock "0:00:30"]

1. e4 Nf6 2. Nc3 d5 3. exd5 Nxd5 4. Nf3 Bf5 5. Bc4 c6 6. O-O e6 7. Re1 Be7 8. Ne2 O-O 9. d3 h6 10. Ng3 Bh7 11. a3 Nd7 12. b4 Bf6 13. d4 N7b6 14. Bb3 a5 15. c4 Nc3 16. Qd2 axb4 17. Bb2 Nca4 18. axb4 Nxb2 19. Qxb2 Rxa1 20. Qxa1 Nd7 21. Nh5 b5 22. c5 Qc7 23. h3 Rd8 24. Qa2 Bg6 25. Nxf6+ Nxf6 26. Ne5 Rxd4 27. Qa8+ Kh7 28. Qxc6 Qxc6 29. Nxc6 Rd2 30. Ne5 Rb2 31. Re3 Bc2 32. Bxc2+ Rxc2 33. Nxf7 Nd5 34. Rxe6 Nxb4 35. Rb6 Rxc5 36. Nd6 Nd3 37. Rxb5 Rc1+ 38. Kh2 Nxf2 39. Rd5 Rc6 40. Rd4 Rc1 41. Kg3 Nd1 42. Nf5 Kg6 43. Nh4+ Kf6 44. Rf4+ Ke6 45. Rf3 Nc3 46. Nf5 Ne4+ 47. Kh2 Rc7 48. Nd4+ Ke5 49. Ne2 Rc2 50. Re3 Kd5 51. Nf4+ Kd4 52. Rf3 Nd2 53. Rg3 Nf1+ 0-1


[Site "https://www.chess.com"]

[Event "Titled Tuesday Blitz January 03 Late 2023"]
[White "Kamsky, Gata"]
[Black "Goltsev, Dmitry"]
[WhiteFideId "2000024"]
[BlackFideId "24176710"]
[WhiteElo "2665"]
[BlackElo "2269"]
[Result "1-0"]
[Round "06"]
[TimeControl "180+2"]
[Date "2023.01.03"]
[WhiteClock "0:01:15"]
[BlackClock "0:00:03"]

1. e4 e6 2. d4 d5 3. Nc3 c5 4. exd5 exd5 5. Nf3 Nf6 6. Bb5+ Nc6 7. O-O Be7 8. dxc5 Bxc5 9. Re1+ Be6 10. Be3 Bxe3 11. Rxe3 O-O 12. Bxc6 bxc6 13. Na4 Bg4 14. Qd4 Bxf3 15. Rxf3 Qd6 16. Re3 Rfe8 17. Rae1 Rxe3 18. Rxe3 a5 19. a3 h6 20. f3 Nd7 21. c4 Rd8 22. Re1 Nf8 23. cxd5 Qxd5 24. Qxd5 Rxd5 25. Re8 f6 26. Rc8 Rd4 27. Nc5 Rd1+ 28. Kf2 Kf7 29. Rc7+ Kg6 30. Ke3 Rb1 31. Nd3 Rg1 32. Rxc6 Nd7 33. Rd6 Nf8 34. Ra6 Kf7 35. g3 Rg2 36. Rxa5 Rxh2 37. Ra7+ Kg8 38. b4 Ne6 39. Re7 Ng5 40. f4 Nf7 41. Rd7 g5 42. b5 gxf4+ 43. gxf4 Rh3+ 44. Kd4 Rh1 45. b6 Rb1 46. b7 Rb5 47. a4 Rb1 48. a5 Nd6 49. Rxd6 Rxb7 50. a6 1-0


[Site "https://www.chess.com"]

[Event "Titled Tuesday Blitz January 03 Late 2023"]
[White "Skvortsov, Andrei"]
[Black "Baskakov, Egor"]
[WhiteFideId "24108600"]
[BlackFideId "24197866"]
[WhiteElo "2313"]
[BlackElo "2215"]
[Result "0-1"]
[Round "06"]
[TimeControl "180+2"]
[Date "2023.01.03"]
[WhiteClock "0:00:02"]
[BlackClock "0:00:12"]

1. e3 c5 2. d4 e6 3. Nf3 Nf6 4. Nc3 d5 5. Bb5+ Bd7 6. Bxd7+ Nbxd7 7. O-O Be7 8. Ne2 O-O 9. c3 Qc7 10. Re1 Rfd8 11. Ng3 Rac8 12. Qe2 Qc6 13. e4 dxe4 14. Nxe4 Nxe4 15. Qxe4 Qxe4 16. Rxe4 cxd4 17. Rxd4 Nc5 18. Rxd8+ Rxd8 19. Be3 Na4 20. Kf1 b6 21. Rb1 Nc5 22. Ke2 Rd7 23. Rd1 Rxd1 24. Kxd1 Kf8 25. Kc2 Ke8 26. c4 f6 27. Nd4 Kd7 28. b4 Na6 29. a3 Nc7 30. Kd3 e5 31. Nf5 Bf8 32. g4 g6 33. Ng3 Ke6 34. f4 exf4 35. Bxf4 Bd6 36. Bxd6 Kxd6 37. c5+ bxc5 38. Ne4+ Ke5 39. Nxc5 f5 40. gxf5 gxf5 41. Nd7+ Kf4 42. a4 Kf3 43. b5 Kg2 44. Ke3 Ne6 45. a5 f4+ 46. Ke4 f3 47. Ne5 f2 48. Ng4 Nc7 49. Ne3+ Kxh2 50. b6 axb6 51. axb6 Na6 52. Kf3 Kg1 53. Kg4 Nc5 54. Kh5 Kh2 55. Kg4 h6 56. Kh4 h5 57. Kxh5 Kg3 58. Nf1+ Kg2 59. Nd2 Ne4 60. b7 Nxd2 61. b8=Q f1=Q 0-1


[Site "https://www.chess.com"]

[Event "Titled Tuesday Blitz January 03 Late 2023"]
[White "Shuvalova, Polina"]
[Black "Mosadeghpour, Masoud"]
[WhiteFideId "24171760"]
[BlackFideId "12519278"]
[WhiteElo "2484"]
[BlackElo "2472"]
[Result "0-1"]
[Round "06"]
[TimeControl "180+2"]
[Date "2023.01.03"]
[WhiteClock "0:00:01"]
[BlackClock "0:00:12"]

1. d4 Nf6 2. Nf3 e6 3. Bg5 d5 4. Nbd2 Nbd7 5. e3 Be7 6. Bd3 c5 7. c3 b6 8. Ne5 Bb7 9. f4 h6 10. Bh4 a6 11. O-O Nxe5 12. fxe5 Nd7 13. Bxe7 Qxe7 14. Qg4 f5 15. exf6 Nxf6 16. Bg6+ Kd7 17. Qg3 Qd6 18. Rf4 Raf8 19. Nf3 Kc7 20. Rf1 Kb8 21. Ne5 Qc7 22. h3 Ka7 23. R1f3 Rhg8 24. Qf2 Rd8 25. Bf7 Ne4 26. Qe1 g5 27. Bxg8 gxf4 28. Bxe6 Ng5 29. Rxf4 Nxe6 30. Rf7 Qc8 31. Qh4 Rf8 32. Rh7 Ng5 33. Rxh6 Qf5 34. Kh2 Rg8 35. Rh5 Ka8 36. Qg4 Qxg4 37. Nxg4 Ne4 38. Ne5 Bc8 39. g4 Rf8 40. Rh6 Rf2+ 41. Kg1 Rxb2 42. Rh8 Kb8 43. g5 Nxg5 44. h4 Nh3+ 45. Kf1 cxd4 46. cxd4 Rf2+ 47. Ke1 Rh2 48. Rh7 Bb7 49. Rh8+ Ka7 50. Rh7 a5 51. h5 Ng5 0-1


[Site "https://www.chess.com"]

[Event "Titled Tuesday Blitz January 03 Late 2023"]
[White "Tregubov, Pavel V."]
[Black "Indjic, Aleksandar"]
[WhiteFideId "4115341"]
[BlackFideId "911925"]
[WhiteElo "2553"]
[BlackElo "2618"]
[Result "0-1"]
[Round "06"]
[TimeControl "180+2"]
[Date "2023.01.03"]
[WhiteClock "0:00:05"]
[BlackClock "0:00:08"]

1. e4 c5 2. Nf3 d6 3. Bb5+ Nd7 4. Ba4 Nf6 5. O-O e6 6. Re1 Be7 7. c3 a6 8. d4 b5 9. Bc2 Bb7 10. Nbd2 Qc7 11. e5 dxe5 12. dxe5 Ng4 13. Qe2 h5 14. h3 Nh6 15. Ne4 Nf5 16. Bg5 Bd5 17. Bxe7 Kxe7 18. Qd2 Qc6 19. Qg5+ Kf8 20. Rad1 Nb6 21. Nh4 Nxh4 22. Qxh4 Rh6 23. Qf4 Kg8 24. Ng5 Rf8 25. f3 Qc7 26. Ne4 h4 27. b3 f5 28. Nd6 c4 29. bxc4 bxc4 30. Rb1 Nc8 31. Red1 Nxd6 32. exd6 Qc5+ 33. Kh1 Rd8 34. d7 Rxd7 35. Rb8+ Kh7 36. Bxf5+ exf5 37. Qxf5+ Rg6 38. Qxd7 Qf2 39. Rg1 Bxf3 0-1


[Site "https://www.chess.com"]

[Event "Titled Tuesday Blitz January 03 Late 2023"]
[White "Mardov, Dimitar"]
[Black "Khripachenko, Alexander"]
[WhiteFideId "30919495"]
[BlackFideId "54184975"]
[WhiteElo "2456"]
[BlackElo "2110"]
[Result "1-0"]
[Round "06"]
[TimeControl "180+2"]
[Date "2023.01.03"]
[WhiteClock "0:01:18"]
[BlackClock "0:00:11"]

1. d4 d5 2. c4 e6 3. Nc3 Be7 4. Nf3 Nf6 5. Bf4 O-O 6. e3 b6 7. Rc1 Bb7 8. cxd5 Nxd5 9. Nxd5 Qxd5 10. a3 c5 11. dxc5 Qxd1+ 12. Rxd1 Bxc5 13. Bc4 a5 14. Ke2 Nc6 15. Rd7 Ba6 16. Bxa6 Rxa6 17. Rc1 Rc8 18. Ng5 Ra7 19. Rcd1 Be7 20. Ne4 e5 21. Bg3 f5 22. Nc3 Nd4+ 23. R1xd4 exd4 24. Rxa7 dxc3 25. bxc3 Bf6 26. Bc7 Bxc3 27. Bxb6 Rb8 28. Bxa5 Rb2+ 29. Kf3 Bxa5 30. Rxa5 g6 31. Ra7 Ra2 32. a4 h6 33. h4 g5 34. hxg5 hxg5 35. Ra5 1-0


[Site "https://www.chess.com"]

[Event "Titled Tuesday Blitz January 03 Late 2023"]
[White "Mahdavi, Reza"]
[Black "Fishbein, Alexander"]
[WhiteFideId "12595926"]
[BlackFideId "2000377"]
[WhiteElo "2339"]
[BlackElo "2366"]
[Result "1-0"]
[Round "06"]
[TimeControl "180+2"]
[Date "2023.01.03"]
[WhiteClock "0:01:37"]
[BlackClock "0:00:03"]

1. e4 e5 2. Nf3 Nc6 3. Nc3 Nf6 4. d4 exd4 5. Nxd4 Bb4 6. Nxc6 bxc6 7. Bd3 d5 8. Bd2 O-O 9. O-O Rb8 10. Re1 Re8 11. a3 Bc5 12. h3 Bd4 13. Qf3 Rxb2 14. exd5 Rxe1+ 15. Rxe1 cxd5 16. Nb5 Rxb5 17. Bxb5 Be6 18. Bc3 Bxc3 19. Qxc3 h6 20. Qc5 a5 21. Bd3 a4 22. Qb4 Qa8 23. Rb1 Nd7 24. Qb7 Qa5 25. Rb4 g6 26. Qb5 Qxb5 27. Rxb5 c5 28. Ra5 c4 29. Bf1 Kg7 30. Rxa4 Kf6 31. Rb4 Ke5 32. a4 Kd6 33. a5 Nc5 34. a6 1-0


[Site "https://www.chess.com"]

[Event "Titled Tuesday Blitz January 03 Late 2023"]
[White "Rustemov, Alexander"]
[Black "Rangel, Daniel"]
[WhiteFideId "4119002"]
[BlackFideId "2124475"]
[WhiteElo "2525"]
[BlackElo "2207"]
[Result "1-0"]
[Round "06"]
[TimeControl "180+2"]
[Date "2023.01.03"]
[WhiteClock "0:01:07"]
[BlackClock "0:00:12"]

1. d4 d5 2. c4 c6 3. Nc3 Nf6 4. e3 e6 5. Nf3 Nbd7 6. Qc2 Bd6 7. b3 O-O 8. Be2 Qe7 9. O-O e5 10. cxd5 cxd5 11. Nb5 Re8 12. Nxd6 Qxd6 13. dxe5 Nxe5 14. Bb2 Nxf3+ 15. Bxf3 Be6 16. Rfd1 Rac8 17. Qe2 Red8 18. Bxf6 gxf6 19. Rd4 Qc5 20. Rad1 Qc2 21. R4d2 Qc5 22. h3 Rc7 23. Rd4 Qc2 24. R1d2 Qc1+ 25. Kh2 Qc5 26. g3 Rcd7 27. Kg2 Kg7 28. Qd1 Qa5 29. h4 Qc5 30. b4 Qb5 31. a4 Qc6 32. Be2 Qc7 33. Bd3 Qe5 34. Be2 Qf5 35. Bf3 Qh3+ 36. Kg1 Qf5 37. a5 Qe5 38. Kg2 Kh8 39. Kh2 Kg7 40. Bg2 Qf5 41. Qf3 Qxf3 42. Bxf3 Kf8 43. g4 Ke7 44. Kg3 b6 45. axb6 axb6 46. Kf4 Kd6 47. Bxd5 Ke7 48. Bxe6 Rxd4+ 49. Rxd4 Rxd4+ 50. exd4 fxe6 51. Ke4 Kd6 52. f4 Kc6 53. g5 f5+ 54. Ke5 Kb5 55. h5 Kxb4 56. g6 Kc4 1-0


[Site "https://www.chess.com"]

[Event "Titled Tuesday Blitz January 03 Late 2023"]
[White "Borges Feria, Yasel"]
[Black "Suder, Jakub"]
[WhiteFideId "3504921"]
[BlackFideId "1195310"]
[WhiteElo "2439"]
[BlackElo "2244"]
[Result "1-0"]
[Round "06"]
[TimeControl "180+2"]
[Date "2023.01.03"]
[WhiteClock "0:02:01"]
[BlackClock "0:02:03"]

1. e4 c5 2. Nf3 e6 3. d4 cxd4 4. Nxd4 Nc6 5. Nc3 Nf6 6. Nxc6 bxc6 7. Bd3 d5 8. O-O Be7 9. Qe2 O-O 10. b3 Re8 11. Bb2 e5 12. Rad1 Bb7 13. Na4 d4 14. Bc1 Nd7 15. Bc4 Nb6 16. Nxb6 axb6 17. a4 Qd7 18. f4 Bf6 19. fxe5 Bxe5 20. Bf4 Bxf4 21. Rxf4 Rf8 22. Rdf1 1-0


[Site "https://www.chess.com"]

[Event "Titled Tuesday Blitz January 03 Late 2023"]
[White "Al-Tarboush, Ward"]
[Black "Timmermans, Mark"]
[WhiteFideId "7601450"]
[BlackFideId "1026399"]
[WhiteElo "2256"]
[BlackElo "2392"]
[Result "0-1"]
[Round "06"]
[TimeControl "180+2"]
[Date "2023.01.03"]
[WhiteClock "0:01:17"]
[BlackClock "0:02:09"]

1. e4 e5 2. Nf3 Nc6 3. Bb5 f5 4. Nc3 fxe4 5. Nxe4 d5 6. Nxe5 dxe4 7. Nxc6 Qg5 8. Qe2 Nf6 9. f4 Qxf4 10. Nxa7+ Bd7 11. Bxd7+ Kxd7 12. Qb5+ Ke6 13. Qb3+ Kd7 14. Qxb7 Bd6 15. Qb5+ Ke6 16. Qb3+ Kd7 17. Qf7+ Kd8 18. Nc6+ Kc8 19. Ne7+ Bxe7 20. Qxe7 Re8 21. Qxg7 Rg8 22. Qf7 Rxg2 23. Qf8+ Kd7 24. Qf7+ Kd6 0-1


[Site "https://www.chess.com"]

[Event "Titled Tuesday Blitz January 03 Late 2023"]
[White "Sanchez, Robert"]
[Black "Nasuta, Grzegorz"]
[WhiteFideId "2034360"]
[BlackFideId "1141686"]
[WhiteElo "1966"]
[BlackElo "2552"]
[Result "0-1"]
[Round "06"]
[TimeControl "180+2"]
[Date "2023.01.03"]
[WhiteClock "0:01:09"]
[BlackClock "0:01:30"]

1. e4 c5 2. Nf3 e6 3. d4 cxd4 4. Nxd4 Nf6 5. Nc3 d6 6. Be3 a6 7. f3 b5 8. Qd2 Bb7 9. O-O-O Nbd7 10. g4 Nb6 11. g5 Nfd7 12. h4 Rc8 13. Bd3 Ne5 14. b3 d5 15. Nce2 Ba3+ 16. Kb1 Nbc4 17. bxc4 bxc4 18. Nb3 cxb3 19. Nd4 bxa2+ 20. Kxa2 Be7 21. Rb1 Qd7 22. Qa5 Nc4 23. Bxc4 Rxc4 24. Qb6 Qa4+ 25. Kb2 Qa3# 0-1


[Site "https://www.chess.com"]

[Event "Titled Tuesday Blitz January 03 Late 2023"]
[White "Fernandez, Maria Florencia"]
[Black "Papasimakopoulos, Alexandros"]
[WhiteFideId "116459"]
[BlackFideId "4244125"]
[WhiteElo "2129"]
[BlackElo "2401"]
[Result "1-0"]
[Round "06"]
[TimeControl "180+2"]
[Date "2023.01.03"]
[WhiteClock "0:00:02"]
[BlackClock "0:00:10"]

1. d4 e6 2. c4 Nf6 3. Nc3 Bb4 4. a3 Bxc3+ 5. bxc3 O-O 6. f3 d5 7. cxd5 exd5 8. e3 b6 9. Bd3 Ba6 10. Ne2 Bxd3 11. Qxd3 c5 12. O-O Nc6 13. Bb2 Re8 14. Ng3 Rc8 15. Rad1 cxd4 16. cxd4 Na5 17. e4 dxe4 18. fxe4 Nc4 19. Bc1 Nd7 20. Nf5 Nf8 21. Qg3 Ng6 22. e5 Qd5 23. h4 Rcd8 24. h5 Ncxe5 25. hxg6 Nxg6 26. Bg5 f6 27. Bc1 Re4 28. Rde1 Rde8 29. Rxe4 Rxe4 30. Qb8+ Nf8 31. Qc7 Qd7 32. Qc4+ Qe6 33. Qc7 Qd7 34. Qg3 Ng6 35. Bb2 Re2 36. Qb3+ Qf7 37. d5 Nf8 38. Bd4 h6 39. Qg3 Kh7 40. d6 Rd2 41. Qe3 Ra2 42. Qe4 Qg6 43. Bf2 Rd2 44. Qf4 Rd3 45. Ne7 Ne6 46. Nxg6 Nxf4 47. Nxf4 Rxd6 48. Re1 Rc6 49. Re3 g5 50. Nd5 Kg7 51. Rd3 f5 52. g3 h5 53. Kg2 h4 54. gxh4 gxh4 55. Bxh4 Rc1 56. Bf2 Kf7 57. Nf4 Rc4 58. Kf3 Ke7 59. Bh4+ Ke8 60. Re3+ Kd7 61. Re7+ Kc8 62. Rxa7 Kb8 63. Rd7 b5 64. Rd3 b4 65. axb4 Rxb4 66. Bg3 Kc8 67. Nd5 Rb1 68. Rc3+ Kd7 69. Ne3 f4 70. Bxf4 Ra1 71. Rd3+ Ke6 72. Ke4 Ra4+ 73. Kf3 Ra1 74. Rd6+ Ke7 75. Rb6 Ra4 76. Nd5+ Kd7 77. Rd6+ Ke8 78. Rb6 Ra3+ 79. Kg4 Kd7 80. Kf5 Ra5 81. Ke5 Rc5 82. Rb7+ Kc8 83. Rh7 Rc2 84. Bg5 Rc5 85. Kd6 Rc6+ 86. Kxc6 Kb8 87. Bf4+ Ka8 88. Be3 Kb8 89. Bb6 Kc8 90. Rh8# 1-0


[Site "https://www.chess.com"]

[Event "Titled Tuesday Blitz January 03 Late 2023"]
[White "Paspuel, Trosky"]
[Black "Chen, Justin"]
[WhiteFideId "3602150"]
[BlackFideId "2098199"]
[WhiteElo "1721"]
[BlackElo "2333"]
[Result "0-1"]
[Round "06"]
[TimeControl "180+2"]
[Date "2023.01.03"]
[WhiteClock "0:01:03"]
[BlackClock "0:01:22"]

1. c4 e5 2. g3 Nf6 3. Bg2 c6 4. Nf3 e4 5. Nd4 d5 6. d3 exd3 7. Qxd3 Be7 8. O-O O-O 9. Nc3 dxc4 10. Qxc4 Nbd7 11. Rd1 Qa5 12. Bf4 Ne5 13. Qb3 Ng6 14. Nxc6 bxc6 15. Bxc6 Be6 16. Nd5 Nxd5 17. Bxd5 Nxf4 18. gxf4 Rab8 19. Qf3 Rxb2 20. Bxe6 fxe6 21. e3 Rd8 22. Qe4 Qf5 23. Rxd8+ Bxd8 24. Qd4 Qg4+ 25. Kf1 Qe2+ 0-1


[Site "https://www.chess.com"]

[Event "Titled Tuesday Blitz January 03 Late 2023"]
[White "Jaferian, Koosha"]
[Black "AidenRchess"]
[WhiteFideId "12507440"]
[WhiteElo "2233"]
[BlackElo "2398"]
[Result "0-1"]
[Round "06"]
[TimeControl "180+2"]
[Date "2023.01.03"]
[WhiteClock "0:00:57"]
[BlackClock "0:00:53"]

1. d4 Nf6 2. Bg5 c5 3. d5 d6 4. Nc3 g6 5. Bxf6 exf6 6. e4 Bg7 7. Bd3 O-O 8. Nge2 a6 9. a4 Nd7 10. f4 Re8 11. O-O Qb6 12. Bc4 Qb4 13. a5 b5 14. axb6 Nxb6 15. Bb3 f5 16. Ng3 fxe4 17. Ngxe4 Rxe4 18. Nxe4 Qxe4 19. Re1 Qd4+ 20. Kh1 Bf5 21. Qf3 c4 22. Ba4 Nxa4 23. Rxa4 Bxc2 24. Rb4 Qd2 0-1


[Site "https://www.chess.com"]

[Event "Titled Tuesday Blitz January 03 Late 2023"]
[White "Ozer, Omer Faruk"]
[Black "Duda, Jan-Krzysztof"]
[WhiteFideId "6354564"]
[BlackFideId "1170546"]
[WhiteElo "2360"]
[BlackElo "2724"]
[Result "1-0"]
[Round "06"]
[TimeControl "180+2"]
[Date "2023.01.03"]
[WhiteClock "0:00:08"]
[BlackClock "0:00:02"]

1. e4 g6 2. d4 Bg7 3. Nc3 d5 4. exd5 Nf6 5. Nf3 Nxd5 6. Nxd5 Qxd5 7. Be2 c5 8. c4 Qd6 9. d5 e6 10. O-O exd5 11. cxd5 O-O 12. g3 Rd8 13. Bf4 Qxd5 14. Qxd5 Rxd5 15. Bc4 Rd8 16. Ng5 h6 17. Nxf7 Rd4 18. Nd6+ Kh7 19. Rad1 Nc6 20. b3 Bh3 21. Rfe1 g5 22. Be3 Rxd1 23. Rxd1 Rd8 24. Bxc5 Ne5 25. Be2 b6 26. Ba3 Bf8 27. Rd5 Nf7 28. Bd3+ Kg8 29. Bc4 Be6 30. Nxf7 Rxd5 31. Bxd5 Bxd5 32. Bxf8 Kxf7 33. Bxh6 g4 34. Bf4 a6 35. h4 gxh3 36. Kh2 Be6 37. Be3 b5 38. f3 Bd5 39. Kxh3 Bxf3 40. g4 Kg6 41. Kg3 Bd5 42. Kf4 Be6 43. g5 a5 44. Ke5 Bg8 45. Kd4 Bf7 46. Kc5 Be8 47. Kb6 a4 48. b4 Kf5 49. Kc5 Ke4 50. Bc1 Kd3 51. Kd6 Kc2 52. Be3 Kb2 53. Ke7 Bh5 54. Kd6 Kxa2 55. Kc5 Be8 56. g6 Bxg6 57. Kxb5 Kb3 58. Ka5 a3 59. b5 Kc3 60. Bh6 Kc4 61. Bg7 Be4 62. Ka6 Kb4 63. b6 1-0


[Site "https://www.chess.com"]

[Event "Titled Tuesday Blitz January 03 Late 2023"]
[White "Suvorov, Alexander"]
[Black "Paravyan, David"]
[WhiteFideId "12977063"]
[BlackFideId "4194985"]
[WhiteElo "2338"]
[BlackElo "2601"]
[Result "0-1"]
[Round "06"]
[TimeControl "180+2"]
[Date "2023.01.03"]
[WhiteClock "0:00:04"]
[BlackClock "0:02:18"]

1. d4 Nf6 2. Nf3 g6 3. Nbd2 d5 4. e3 Bg7 5. b4 a5 6. b5 c5 7. bxc6 Nxc6 8. c4 O-O 9. Be2 dxc4 10. Nxc4 b5 11. Nce5 Nxe5 12. Nxe5 b4 13. O-O Nd5 14. Bf3 Nc3 15. Qd2 Ba6 16. Nc6 Qd6 17. Re1 Bb7 18. Ne5 Bxf3 19. Nxf3 Rac8 20. Qd3 e5 21. Qd2 Rfd8 22. Bb2 Qd5 23. Bxc3 bxc3 24. Qc2 exd4 25. exd4 Bf6 26. h3 Kg7 27. Red1 Rc4 28. Rd3 Rdc8 29. Rb1 Rb4 30. Rb3 Rxb3 31. axb3 Qe4 32. Ne5 Bxe5 33. dxe5 Qxd3 34. Qxd3 c2 35. e6 c1=Q+ 36. Kh2 Qc7+ 37. g3 Qc5 0-1


[Site "https://www.chess.com"]

[Event "Titled Tuesday Blitz January 03 Late 2023"]
[White "De La Colina, Nicolas"]
[Black "Melkumyan, Hrant"]
[WhiteFideId "30946921"]
[BlackFideId "13302485"]
[WhiteElo "2244"]
[BlackElo "2645"]
[Result "0-1"]
[Round "06"]
[TimeControl "180+2"]
[Date "2023.01.03"]
[WhiteClock "0:00:03"]
[BlackClock "0:00:07"]

1. e4 e6 2. d4 d5 3. Nd2 c5 4. Ngf3 cxd4 5. exd5 Qxd5 6. Bc4 Qd6 7. O-O Nf6 8. Nb3 Nc6 9. Nbxd4 Nxd4 10. Nxd4 Bd7 11. c3 O-O-O 12. Qe2 Qc7 13. Be3 Bd6 14. h3 Kb8 15. Nb5 Bxb5 16. Bxb5 Bc5 17. Bg5 Rd5 18. Bxf6 gxf6 19. Rad1 Rg5 20. Bd3 Rhg8 21. Be4 Qe5 22. Rfe1 f5 23. Bf3 Qc7 24. Rd2 Rd8 25. Red1 Rgg8 26. Rxd8+ Rxd8 27. Rxd8+ Qxd8 28. Qb5 Bb6 29. a4 a6 30. Qe5+ Ka7 31. b4 a5 32. bxa5 Bxa5 33. Qb5 Qc7 34. Bxb7 Qxc3 35. Qa6+ Kb8 36. Qa8+ Kc7 37. Bf3 Kd6 38. Qa6+ Ke7 39. Qb7+ Kf6 40. g3 Qd4 41. Kg2 Bb6 42. Qc6 Qxf2+ 43. Kh1 Qg1# 0-1


[Site "https://www.chess.com"]

[Event "Titled Tuesday Blitz January 03 Late 2023"]
[White "Krsnik Cohar, Ivan Vihor"]
[Black "Svane, Rasmus"]
[WhiteFideId "14520044"]
[BlackFideId "4657101"]
[WhiteElo "2336"]
[BlackElo "2623"]
[Result "0-1"]
[Round "06"]
[TimeControl "180+2"]
[Date "2023.01.03"]
[WhiteClock "0:00:07"]
[BlackClock "0:01:25"]

1. e4 c6 2. Nf3 d5 3. exd5 cxd5 4. d4 Nc6 5. Bb5 Bg4 6. h3 Bxf3 7. Qxf3 e6 8. c4 Bb4+ 9. Bd2 Bxd2+ 10. Nxd2 Ne7 11. cxd5 Nxd5 12. Rc1 Rc8 13. O-O O-O 14. Bxc6 Rxc6 15. Rxc6 bxc6 16. a3 Qb6 17. Qd3 Qxb2 18. Rb1 Qa2 19. Rb7 a5 20. Nc4 Nf4 21. Qe4 Ne2+ 22. Kf1 Nc3 0-1


[Site "https://www.chess.com"]

[Event "Titled Tuesday Blitz January 03 Late 2023"]
[White "Yaran, Siar"]
[Black "Remizov, Yaroslav"]
[WhiteFideId "6323006"]
[BlackFideId "34134015"]
[WhiteElo "2288"]
[BlackElo "2421"]
[Result "1-0"]
[Round "06"]
[TimeControl "180+2"]
[Date "2023.01.03"]
[WhiteClock "0:00:02"]
[BlackClock "0:00:08"]

1. d4 Nf6 2. c4 c5 3. d5 e6 4. Nc3 exd5 5. cxd5 d6 6. e4 g6 7. h3 Bg7 8. Nf3 O-O 9. Bd3 Re8 10. O-O a6 11. a4 Nbd7 12. Re1 Qc7 13. Bf4 Rb8 14. Rc1 Nh5 15. Bh2 Ne5 16. Be2 Nxf3+ 17. Bxf3 Nf6 18. e5 dxe5 19. d6 Qd8 20. Bxe5 Bd7 21. Qd2 Ne4 22. Nxe4 Rxe5 23. Nxc5 Bc6 24. Bxc6 bxc6 25. b4 Rd5 26. Qxd5 cxd5 27. d7 Bf8 28. Re8 Qc7 29. Rxb8 Qxb8 30. Ne6 fxe6 31. Rc8 Qxb4 32. d8=Q Qe1+ 33. Kh2 Qxf2 34. Qd6 Kg7 35. Qxe6 Qf4+ 36. Kg1 Bd6 37. Rd8 Qc1+ 38. Kf2 Bc5+ 39. Kf3 Qf1+ 40. Kg3 Qf2+ 41. Kh2 Qg1+ 42. Kg3 Bf2+ 43. Kf3 Qf1 44. Rd7+ Kh6 45. Rxh7+ Kxh7 46. Qf7+ Kh6 47. Qf8+ Kg5 48. Qf4+ Kh5 49. g4+ Kh4 50. Qh6# 1-0


[Site "https://www.chess.com"]

[Event "Titled Tuesday Blitz January 03 Late 2023"]
[White "Ehlvest, Jaan"]
[Black "Sanal, Vahap"]
[WhiteFideId "4500016"]
[BlackFideId "6300545"]
[WhiteElo "2530"]
[BlackElo "2600"]
[Result "0-1"]
[Round "06"]
[TimeControl "180+2"]
[Date "2023.01.03"]
[WhiteClock "0:00:38"]
[BlackClock "0:02:10"]

1. e4 d6 2. d4 Nf6 3. Nc3 e5 4. Nf3 Nbd7 5. Bc4 Be7 6. O-O O-O 7. a4 c6 8. h3 h6 9. Re1 Re8 10. a5 Rb8 11. Be3 b5 12. axb6 axb6 13. dxe5 dxe5 14. Ba2 b5 15. Nh4 Bc5 16. Bxc5 Nxc5 17. Qf3 Qd2 18. b4 Ne6 19. Nf5 Ng5 20. Qe3 Qxe3 21. Rxe3 Ngxe4 22. Nxh6+ gxh6 23. Nxe4 Nxe4 24. Rxe4 Bf5 25. Re3 Ra8 26. Rc3 Be6 0-1


[Site "https://www.chess.com"]